 Dungeon Crawl Stone Soup version 0.30-a0-1043-g60ff8d5f49 (webtiles) character file.

Game seed: 13916340126655442039

448 Pimp the Trooper (level 7, 0/55 HPs)
             Began as a Human Fighter on Apr 10, 2023.
             Slain by an ogre
             ... wielding a +0 giant spiked club
              (13 damage)
             ... on level 5 of the Dungeon.
             The game lasted 00:06:49 (2861 turns).

Pimp the Trooper (Human Fighter)                    Turns: 2861, Time: 00:06:50

Health: 0/55       AC:  8    Str: 16    XL:     7   Next: 24%
Magic:  7/7        EV:  9    Int: 11    God:
Gold:   87         SH:  5    Dex: 12    Spells: 6/6 levels left

rFire   . . .      SeeInvis .    a - +0 war axe (venom)
rCold   . . .      Faith    .    c - +0 buckler
rNeg    . . .      Spirit   .    b - +0 scale mail
rPois   .          Reflect  .    (no helmet)
rElec   .          Rampage  .    (no cloak)
rCorr   .                        e - +0 pair of gloves
Will    .....                    (no boots) Stlth
                                 (no amulet)
HPRegen 0.29/turn                (no ring)
MPRegen 0.10/turn                (no ring)

@: no status effects
A: no striking features
a: no special abilities


You were on level 5 of the Dungeon.
You visited 1 branch of the dungeon, and saw 5 of its levels.

You collected 87 gold pieces.

Inventory:

Hand Weapons
 a - a +0 war axe of venom (weapon)
 q - the +5 spear "Subol" {antimagic, Will- Str+2 Dex+2}
   (You found it on level 4 of the Dungeon)

   Str:       It affects your strength (+2).
   Dex:       It affects your dexterity (+2).
   Will:      It decreases your willpower.
 r - the +6 dagger "Sucopluh" {vamp, *Slow rElec Str+4}
   (You found it on level 4 of the Dungeon)

   Str:       It affects your strength (+4).
   rElec:     It insulates you from electricity.
   *Slow:     It may slow you when you take damage.
Armour
 b - a +0 scale mail (worn)
 c - a +0 buckler (worn)
 e - a +0 pair of gloves (worn)
Scrolls
 g - 3 scrolls of teleportation
 i - a scroll of noise {unknown}
 k - 2 scrolls of identify {unknown}
Potions
 d - a potion of might
 f - 3 potions of attraction {unknown}
 h - a potion of flight {unknown}
 j - a potion of heal wounds {unknown}
 l - a potion of lignification {unknown}
 m - a potion of berserk rage {unknown}
 n - a potion of curing
 o - a potion of mutation {unknown}


   Skills:
 + Level 4.6 Fighting
 + Level 4.0 Axes
 + Level 4.5 Armour
 + Level 4.5 Shields


You had 6 spell levels left.
You didn't know any spells.
Your spell library contained the following spells:

 Spells                   Type           Power      Damage    Failure   Level
 Dazzling Flash           Conj/Hex       0%         N/A       99%         3
 Volatile Blastmotes      Fire/Tloc      0%         2d10      99%         3
 Iskenderun's Mystic Bla  Conj/Tloc      0%         2d3       100%        4
 Starburst                Conj/Fire      0%         6d3       100%        6


Dungeon Overview and Level Annotations

Branches:
Dungeon (5/15)             Temple (0/1) D:4

Altars:

Shops:
D:4 **


Message History

a +0 hand axe; a boomerang; a +0 leather armour Done exploring.
Done exploring.
There is a stone staircase leading down here.
You climb downwards.
The orc priest shouts!
The orc shouts! x3; You hear a shout!
There is a stone staircase leading up here.
There are monsters nearby!
You hit the orc priest.
The orc priest is poisoned.
The orc priest is lightly wounded.
You hit the orc but do no damage.
The orc is poisoned.
The orc hits you with a +0 war axe!
An ogre comes into view. It is wielding a +0 giant spiked club.
The orc priest calls down the wrath of Beogh upon you.
You struggle to resist.
You slash the orc priest!
The orc priest looks as sick as possible!
The orc priest is almost dead.
You hit the orc but do no damage. You hit the orc.
You kill the orc!
You kill the orc priest!
The orc hits you with a +0 war axe.
Your Axes skill increases to level 4!
You barely miss the orc. You hit the orc.
The orc is poisoned.
The orc closely misses you. The orc hits you with a +0 war axe!
The ogre hits you with a +0 giant spiked club!!
* * * LOW HITPOINT WARNING * * *
The orc hits you but does no damage. The orc completely misses you.
You hit the orc.
The orc is poisoned.
The orc is almost dead.
You closely miss the orc. You hit the ogre.
The ogre is poisoned.
You kill the orc!
The orc barely misses you.
Unknown command.
You hit the orc.
You kill the orc!
You hit the ogre. The ogre barely misses you.
You hit the ogre.
The ogre looks as sick as possible!
The ogre is heavily wounded.
The ogre hits you with a +0 giant spiked club!
You die...

## #.# ..##
##.###..####
.......O)..#
#)@...#
#)#...# #.
#..# .. #.#
##. .# #. .
#. . .. ..


You could see an ogre (extremely poisoned).

Vanquished Creatures
  2 phantoms (D:4)
  A howler monkey (D:4)
  2 hounds (D:4)
  An orc priest (D:5)
  Natasha (twice) (D:2)
  An iguana (D:4)
  An adder (D:2)
  A worm (D:4)
  9 orcs
  8 ball pythons
  4 bats
  6 endoplasms
  A giant cockroach (D:1)
  7 goblins
  6 hobgoblins
  3 jackals (D:2)
  5 quokkas
  3 frilled lizards (D:1)
  8 kobolds
  5 rats
76 creatures vanquished.

Notes
Turn   | Place    | Note
-------+----------+-------------------------------------------
     0 | D:1      | Pimp the Human Fighter began the quest for the Orb.
     0 | D:1      | Reached XP level 1. HP: 18/18 MP: 1/1
    63 | D:1      | Reached XP level 2. HP: 22/24 MP: 2/2
   207 | D:1      | Reached XP level 3. HP: 13/29 MP: 3/3
   897 | D:2      | Noticed Natasha
   904 | D:2      | Reached XP level 4. HP: 24/35 MP: 4/4
   911 | D:2      | Killed Natasha
  1388 | D:2      | Noticed Natasha
  1392 | D:2      | Killed Natasha
  1393 | D:2      | Reached XP level 5. HP: 42/42 MP: 5/5
  1396 | D:3      | You fall into a shaft and drop 1 floor!
  1432 | D:4      | Identified the +6 dagger "Sucopluh" {vamp, *Slow rElec
                  | Str+4}
  1452 | D:4      | Identified the +5 spear "Subol" {antimagic, Will- Str+2
                  | Dex+2}
  1487 | D:4      | Found Cecuat's Assorted Antiques.
  1514 | D:4      | Noticed a phantom
  1532 | D:4      | Killed a phantom
  1533 | D:4      | Reached XP level 6. HP: 48/48 MP: 6/6
  1590 | D:4      | Found Jobellu's Overcharged Wands.
  1727 | D:4      | Found a staircase to the Ecumenical Temple.
  1753 | D:4      | Reached XP level 7. HP: 20/55 MP: 7/7
  2855 | D:5      | Entered Level 5 of the Dungeon
  2861 | D:5      | Slain by an ogre

Illustrated notes

Levels and vault maps discovered:
D:1:      eino_arrival_cavern_d, layout_rooms
D:2:      layout_loops_cross, minmay_tripent, uniq_natasha
D:3:      layout_loops_ring, minitemple, nzn_wu_jian_contemplation,
          shapermc_ecumenical_altar_acropolis, minmay_misc_feat_secret_circle
D:4:      layout_layer_cave, minmay_temple_entry_ruins, serial_shops,
          nicolae_shop_hallway_plus, nicolae_shop_overcharged_wands
D:5:      layout_layer_cave, minmay_misc_feat_roman

Skill      XL: |  1  2  3  4  5  6  7 |
---------------+----------------------+-----
Axes           | 3 4 |  4.0
Fighting       | 4 |  4.6
Armour         | 4 |  4.5
Shields        | 4 |  4.5

Action                     |  1- 3 |  4- 6 |  7- 9 || total
---------------------------+-------+-------+-------++-------
  Melee: War axe           |   111 |   110 |    15 ||   236
    Use: Potion            |       |     2 |       ||     2
         Scroll            |       |     1 |     7 ||     8
 Armour: Scale mail        |    74 |    74 |     4 ||   152
  Dodge: Dodged            |    50 |    44 |     9 ||   103
  Block: Buckler           |    34 |    31 |     1 ||    66

Table legend: (Time is in decaauts)
 A = Elapsed time spent in this place.
 B = Non-inter-level travel time spent in this place.
 C = Inter-level travel time spent in this place.
 D = Time resting spent in this place.
 E = Time spent auto-exploring this place.
 F = Levels seen in this place.
 G = Mean time per level.
                   A        B        C        D        E       F      G
               +--------+--------+--------+--------+--------+-----+--------+
         Total |   2938 |   2816 |    122 |     19 |   2154 |   5 |  587.6 |
       Dungeon |   2938 |   2816 |    122 |     19 |   2154 |   5 |  587.6 |
               +--------+--------+--------+--------+--------+-----+--------+

Top non-repeatable levels by time:
     D:4: 1486 daAuts
     D:2: 724 daAuts
     D:1: 719 daAuts
     D:5: 7 daAuts
